 Dungeon Crawl Stone Soup version 0.18-a0-327-gb1de508 (webtiles) character file.

14 Duffy the Insei (level 2, 0/18 HPs)
             Began as an Octopode Transmuter on Nov 27, 2015.
             Slain by a jackal (3 damage)
             ... on level 1 of the Dungeon.
             The game lasted 00:00:41 (513 turns).

Duffy the Insei (Octopode Transmuter)                Turns: 513, Time: 00:00:41

Health: 0/18       AC:  1    Str:  9    XL:     2   Next: 41%
Magic:  5/5        EV: 12    Int: 15    God:
Gold:   81         SH:  0    Dex: 12    Spells: 1 memorised, 4 levels left

rFire  . . .     SeeInvis .       - Unarmed
rCold  . . .     Clarity  .     (no shield)
rNeg   . . .     SustAt   .     (helmet restricted)
rPois  .         Gourm    .     (no amulet)
rElec  .         Spirit   .     (no ring)
rCorr  .         Warding  .     (no ring)
rMut   .         Stasis   .     (no ring)
MR     .....                    (no ring)
Stlth  ++........               (no ring)
                                (no ring)
                                (no ring)
                                (no ring)

@: not resistant to hostile enchantments, unstealthy
A: almost no armour, amphibious, 8 rings, constrict 8, camouflage 1, gelatinous
body 1
a: no special abilities


You were on level 1 of the Dungeon.
You were not hungry.

You visited 1 branch of the dungeon, and saw 1 of its levels.

You collected 81 gold pieces.


Innate Abilities, Weirdness & Mutations

You cannot wear most types of armour.
You are amphibious.
You can wear up to eight rings at the same time.
You can use your tentacles to constrict eight enemies at once.
Your skin changes colour to match your surroundings (Stealth).
Your rubbery body absorbs attacks (AC +1).


   Skills:
 - Level 1.0 Fighting
 - Level 2.0 Dodging
 * Level 3.4 Unarmed Combat
 + Level 2.2 Spellcasting
 + Level 2.1 Transmutations


You had 4 spell levels left.
You knew the following spells:

 Your Spells              Type           Power        Failure   Level  Hunger
a - Beastly Appendage     Trmt           #.....       12%         1    #......

Inventory:

Missiles
 a - 29 arrows
Scrolls
 e - a scroll of magic mapping {unknown}
 f - a scroll of fear {unknown}
Potions
 d - a potion of heal wounds {unknown}
Books
 b - a book of Changes
Comestibles
 c - a bread ration

Dungeon Overview and Level Annotations

Branches:
Dungeon (1/15)

Altars:


Message History

A kobold comes into view. It is wielding a short sword.
You swing at nothing.
You swing at nothing.
The kobold shouts!
The kobold throws a stone.
The stone hits you but does no damage.
You swing at nothing.
You swing at nothing.
You swing at nothing.
You swing at nothing.
The jackal barks!
You tentacle-slap the rat.
You kill the rat!
The kobold throws a stone.
The stone closely misses you.
You swing at nothing.
The kobold throws a stone.
The stone hits you.
A jackal comes into view.
You swing at nothing.
The kobold throws a stone.
The stone closely misses you.
A hobgoblin comes into view.
You swing at nothing.
The hobgoblin shouts!
The jackal bites you.
The jackal barks!
You tentacle-slap the jackal. You grab the jackal.
The jackal is heavily wounded.
You constrict the jackal, but do no damage.
The jackal barely misses you.
You barely miss the jackal.
The jackal is heavily wounded.
You constrict the jackal. The jackal misses you.
You tentacle-slap the jackal.
You kill the jackal!
You tentacle-slap the kobold.
You kill the kobold!
You tentacle-slap the jackal but do no damage.
Your grab misses the jackal. The jackal bites you.
You die...

#....)..#.....#.#...#.# #.
##......#.>...#.#####.#####.#.
#.##...###.#.#.............#.
#..#..#.###.#(###.#######.###.
#.#..##..##.#...#.# ... #...#
##.##.#.###.### ###. ...#
#.##...#.....# #. ...
#..#...#.###.# #. ..
##.#.#@#<# #.# #.#.#h###.###
#...)g...%... ###.......r..
###.....h.. ....####. .#.## .
## ..


You could see a jackal and a hobgoblin.

Action                   || total
-------------------------++-------
Melee: Unarmed           ||    31

Notes
Turn   | Place    | Note
--------------------------------------------------------------
     0 | D:1      | Duffy the Octopode Transmuter began the quest for the Orb.
     0 | D:1      | Reached XP level 1. HP: 13/13 MP: 3/3
   138 | D:1      | Reached XP level 2. HP: 12/18 MP: 5/5
   513 | D:1      | Slain by a jackal

Vault maps used:
D:1:      evilmike_arrival_hilbert_curve

Vanquished Creatures
  2 goblins
  2 hobgoblins
  A jackal
  3 kobolds
  A ball python
  2 bats
  A rat
12 creatures vanquished.
